 Dungeon Crawl Stone Soup version 0.30-a0-743-gbfdf073431 (webtiles) character file.

Game seed: 2828333013251974967

653 epen the Blocker (level 7, -1/53 HPs)
             Began as a Gnoll Wanderer on Feb 5, 2023.
             Splashed by a jelly's acid (5 damage)
             ... on level 5 of the Dungeon.
             The game lasted 00:05:53 (4348 turns).

epen the Blocker (Gnoll Wanderer)                   Turns: 4348, Time: 00:05:54

Health: -1/53      AC:  8    Str:  9    XL:     7   Next: 54%
Magic:  12/12      EV:  8    Int: 13    God:
Gold:   168        SH:  7    Dex: 14    Spells: 12/13 levels left

rFire   . . .      SeeInvis .    a - +0 dagger
rCold   + . .      Faith    .    d - +1 buckler {AC+3}
rNeg    + . .      Spirit   .    f - +1 scale mail {rC+}
rPois   .          Reflect  .    (no helmet)
rElec   .          Harm     .    (no cloak)
rCorr   .          Rampage  .    (no gloves)
Will    .....                    e - +0 pair of boots
Stlth   +                        (no amulet)
HPRegen 0.28/turn                h - ring of positive energy
MPRegen 0.13/turn                (no ring)

@: corroded
A: fangs 1, strong nose, distributed training
a: no special abilities


You were on level 5 of the Dungeon.
You visited 1 branch of the dungeon, and saw 5 of its levels.

You collected 168 gold pieces.

Inventory:

Hand Weapons
 a - a +0 dagger (weapon)
Missiles
 g - 4 datura-tipped darts
 u - a curare-tipped dart
Armour
 b - a +0 ring mail
 d - a +1 buckler of protection (worn)
 e - a +0 pair of boots (worn)
 f - a +1 scale mail of cold resistance (worn)
Jewellery
 h - a ring of positive energy (left hand)
Wands
 i - a wand of flame (17)
 l - a wand of charming (10)
Scrolls
 m - a scroll of amnesia
 n - a scroll of noise {unknown}
 o - a scroll of enchant armour
 s - 2 scrolls of identify
Potions
 p - a potion of heal wounds {unknown}
 q - 2 potions of haste {unknown}
 r - a potion of resistance {unknown}
 v - a potion of magic {unknown}


   Skills:
 + Level 3.7 Fighting
 + Level 2.6 Short Blades
 + Level 2.6 Long Blades
 + Level 2.6 Axes
 + Level 2.6 Maces & Flails
 + Level 2.6 Polearms
 + Level 2.6 Staves
 + Level 2.6 Ranged Weapons
 + Level 2.6 Throwing
 + Level 5.3 Armour
 + Level 2.6 Dodging
 + Level 3.6 Stealth
 + Level 9.0 Shields
 + Level 2.6 Unarmed Combat
 + Level 3.9 Spellcasting
 + Level 2.1 Conjurations
 + Level 2.1 Hexes
 + Level 2.1 Summonings
 + Level 2.1 Necromancy
 + Level 3.1 Translocations
 + Level 2.1 Transmutations
 + Level 2.1 Fire Magic
 + Level 2.1 Ice Magic
 + Level 2.1 Air Magic
 + Level 2.1 Earth Magic
 + Level 2.1 Poison Magic
 + Level 3.0 Invocations
 + Level 2.6 Evocations


You had 12 spell levels left.
You knew the following spells:

 Your Spells              Type           Power      Damage    Failure   Level
a - Apportation           Tloc           20%        N/A       43%         1

Your spell library contained the following spells:

 Spells                   Type           Power      Damage    Failure   Level
 Foxfire                  Conj/Fire      32%        2x1d5     56%         1
 Kiss of Death            Conj/Necr      32%        2d7       56%         1
 Lesser Beckoning         Tloc           20%        N/A       58%         2
 Gell's Gravitas          Tloc           10%        N/A       82%         3
 Teleport Other           Tloc           10%        N/A       82%         3
 Portal Projectile        Hex/Tloc       18%        N/A       87%         3
 Kindle Blastsparks       Fire/Tloc/Air  18%        2d11      88%         3
 Confusing Touch          Hex            8%         N/A       91%         3
 Iskenderun's Mystic Bla  Conj/Tloc      9%         2d4       99%         4
 Dispel Undead            Necr           8%         3d8       100%        4
 Fulminant Prism          Conj/Hex       4%         3d5       100%        4
 Fireball                 Conj/Fire      4%         3d4       100%        5
 Lee's Rapid Deconstruct  Erth           4%         3d5*      100%        5
 Starburst                Conj/Fire      4%         6d3       100%        6


Dungeon Overview and Level Annotations

Branches:
Dungeon (5/15)
 Temple: D:4-7

Altars:
Kikubaaqudgha
Uskayaw
Yredelemnul

Shops:
D:2 (   D:4 :

Annotations:
D:3 2 transporters, Menkaure


Innate Abilities, Weirdness & Mutations

You have very sharp teeth.
Your uncanny sense of smell can sniff out nearby items.
Your experience applies equally to all skills.


Message History

The iguana is severely wounded.
The iguana bites you.
You hit the iguana but do no damage.
The iguana is severely wounded.
You block the iguana's attack.
You barely miss the iguana.
The iguana is severely wounded.
The iguana barely misses you. The iguana closely misses you.
You hit the iguana but do no damage.
The iguana is severely wounded.
The iguana barely misses you.
You hit the iguana.
The iguana is almost dead.
You block the iguana's attack. The jelly hits you. The acid corrodes you!
You are splashed with acid!
* * * LOW HITPOINT WARNING * * *
You hit the iguana but do no damage.
The iguana is almost dead.
You block the iguana's attack.
You hit the jelly. The acid corrodes you!
Your hands burn!
* * * LOW HITPOINT WARNING * * *
The jelly is lightly wounded.
The iguana bites the jelly.
The iguana is burned by acid!
The iguana dies!
The jelly hits you but does no damage.
Your Invocations skill increases to level 3!
You hit the jelly but do no damage.
Your hands burn!
* * * LOW HITPOINT WARNING * * *
The jelly is moderately wounded.
The jelly barely misses you.
You barely miss the jelly.
The jelly is moderately wounded.
The jelly hits you but does no damage.
You hit the jelly.
Your hands burn!
* * * LOW HITPOINT WARNING * * *
You bite the jelly, but do no damage.
The jelly is moderately wounded.
The jelly hits you but does no damage.
You hit the jelly but do no damage.
Your hands burn!
You die...

∆#......$..# ... #
#.........###....
#.#.#..(...........
................#
.###...<........#
+....#####...#####
#...##...#.......#
#...
#.....†(....##.
##.#
.......@J...... #.
............... #.
.#......####... #+
#....... ∆ ∆ .
#....... #........
###...... ###+#...


You could see a jelly.

Vanquished Creatures
  A black bear (D:4)
  2 ogres
  A phantom (D:5)
  A necrophage (D:3)
  A gnoll bouda (D:4)
  2 iguanas
  4 adders
  2 dart slugs (D:1)
  3 orcs
  12 endoplasms
  A giant cockroach (D:1)
  7 goblins
  10 hobgoblins
  6 jackals
  A quokka (D:1)
  9 ball pythons
  10 bats
  6 frilled lizards
  7 kobolds
  3 rats
89 creatures vanquished.

Vanquished Creatures (collateral kills)
  A howler monkey (D:5)
  An adder (D:5)
  A quokka (D:5)
3 creatures vanquished.

Vanquished Creatures (others)
  An iguana (D:5)
1 creature vanquished.

Grand Total: 93 creatures vanquished

Notes
Turn   | Place    | Note
-------+----------+-------------------------------------------
     0 | D:1      | epen the Gnoll Wanderer began the quest for the Orb.
     0 | D:1      | epen set off with the following items: a +0 dagger, a +0
                  | ring mail, a scroll of blinking, a +0 buckler of
                  | protection; and the following spell memorised: Apportation;
                  | and the following spells available to memorise: Portal
                  | Projectile.
     0 | D:1      | Reached XP level 1. HP: 17/17 MP: 4/4
    79 | D:1      | Reached XP level 2. HP: 23/23 MP: 5/5
   188 | D:1      | Found a faded altar of an unknown god.
   481 | D:1      | Reached XP level 3. HP: 23/28 MP: 7/7
   759 | D:2      | Reached skill level 1 in Invocations
   824 | D:2      | Found Kepoa's Antique Weapon Shoppe.
   851 | D:2      | Found a basalt altar of Yredelemnul.
   909 | D:2      | Noticed an ogre
   918 | D:2      | Killed an ogre
   919 | D:2      | Reached skill level 1 in Short Blades
   919 | D:2      | Reached skill level 1 in Long Blades
   919 | D:2      | Reached skill level 1 in Axes
   919 | D:2      | Reached skill level 1 in Maces & Flails
   919 | D:2      | Reached skill level 1 in Polearms
   919 | D:2      | Reached skill level 1 in Staves
   919 | D:2      | Reached skill level 1 in Ranged Weapons
   919 | D:2      | Reached skill level 1 in Throwing
   919 | D:2      | Reached skill level 1 in Dodging
   919 | D:2      | Reached skill level 1 in Unarmed Combat
   919 | D:2      | Reached skill level 1 in Conjurations
   919 | D:2      | Reached skill level 1 in Hexes
   919 | D:2      | Reached skill level 1 in Summonings
   919 | D:2      | Reached skill level 1 in Necromancy
   919 | D:2      | Reached skill level 1 in Transmutations
   919 | D:2      | Reached skill level 1 in Fire Magic
   919 | D:2      | Reached skill level 1 in Ice Magic
   919 | D:2      | Reached skill level 1 in Air Magic
   919 | D:2      | Reached skill level 1 in Earth Magic
   919 | D:2      | Reached skill level 1 in Poison Magic
   919 | D:2      | Reached skill level 1 in Evocations
   919 | D:2      | Reached XP level 4. HP: 21/34 MP: 8/8
   919 | D:2      | Reached XP level 5. HP: 25/40 MP: 9/9
  1992 | D:3      | You fall into a shaft and drop 2 floors!
  1992 | D:5      | Entered Level 5 of the Dungeon
  2197 | D:3      | Identified the +0 chain mail of Undesirable Species {rF+++
                  | rC- rN+}
  2268 | D:3      | Found a transporter.
  2269 | D:3      | Found a basalt altar of Yredelemnul.
  2271 | D:3      | Noticed Menkaure
  2273 | D:3      | Found an ancient bone altar of Kikubaaqudgha.
  2367 | D:3      | Found a transporter.
  2581 | D:4      | Reached XP level 6. HP: 6/47 MP: 11/11
  2755 | D:4      | Found Dyng's Book Emporium.
  2804 | D:4      | Found a hide-covered altar of Uskayaw.
  3007 | D:4      | Noticed a black bear
  3015 | D:4      | Killed a black bear
  3016 | D:4      | Reached skill level 5 in Armour
  4186 | D:3      | Reached XP level 7. HP: 40/48 MP: 12/12
  4333 | D:5      | Reached skill level 9 in Shields
  4348 | D:5      | Splashed by a jelly's acid

Illustrated notes

Levels and vault maps discovered:
D:1:      nicolae_arrival_washed_ashore, layout_rooms,
          ebering_ecumenical_altar_abandoned
D:2:      layout_loops_ring, basic_altar, serial_shops,
          nicolae_shop_temple_entry_statues_fountains
D:3:      layout_loops_ring, gammafunk_temple_of_torment,
          kennysheep_generic_room_7
D:4:      minmay_octagon_keep, layout_basic,
          nicolae_uskayaw_murder_on_the_dancefloor, serial_shops,
          nicolae_stop_n_shop_2
D:5:      layout_basic

Skill      XL: |  1  2  3  4  5  6  7 |
---------------+----------------------+-----
Translocations | 2 3 |  3.1
Invocations    | 1 2 3 |  3.0
Short Blades   | 1 2 |  2.6
Long Blades    | 1 2 |  2.6
Axes           | 1 2 |  2.6
Maces & Flails | 1 2 |  2.6
Polearms       | 1 2 |  2.6
Staves         | 1 2 |  2.6
Ranged Weapons | 1 2 |  2.6
Throwing       | 1 2 |  2.6
Dodging        | 1 2 |  2.6
Unarmed Combat | 1 2 |  2.6
Spellcasting   | 3 |  3.9
Conjurations   | 1 2 |  2.1
Hexes          | 1 2 |  2.1
Summonings     | 1 2 |  2.1
Necromancy     | 1 2 |  2.1
Transmutations | 1 2 |  2.1
Fire Magic     | 1 2 |  2.1
Ice Magic      | 1 2 |  2.1
Air Magic      | 1 2 |  2.1
Earth Magic    | 1 2 |  2.1
Poison Magic   | 1 2 |  2.1
Evocations     | 1 2 |  2.6
Fighting       | 3 |  3.7
Stealth        | 3 |  3.6
Armour         | 5 |  5.3
Shields        | 9 |  9.0

Action                     |  1- 3 |  4- 6 |  7- 9 || total
---------------------------+-------+-------+-------++-------
  Melee: Dagger            |   160 |   449 |    61 ||   670
         Bite              |    12 |    58 |     4 ||    74
  Throw: Dart              |       |     3 |     2 ||     5
    Use: Scroll            |     1 |     5 |       ||     6
         Potion            |     1 |     3 |       ||     4
   Stab: Sleeping          |     1 |       |       ||     1
 Armour: Ring mail         |    65 |     9 |       ||    74
         Scale mail        |       |   177 |    28 ||   205
  Dodge: Dodged            |    88 |   122 |    20 ||   230
  Block: Buckler           |    51 |   125 |    26 ||   202

Table legend: (Time is in decaauts)
 A = Elapsed time spent in this place.
 B = Non-inter-level travel time spent in this place.
 C = Inter-level travel time spent in this place.
 D = Time resting spent in this place.
 E = Time spent auto-exploring this place.
 F = Levels seen in this place.
 G = Mean time per level.
                   A        B        C        D        E       F      G
               +--------+--------+--------+--------+--------+-----+--------+
         Total |   4318 |   4085 |    233 |    471 |   2565 |   5 |  863.6 |
       Dungeon |   4318 |   4085 |    233 |    471 |   2565 |   5 |  863.6 |
               +--------+--------+--------+--------+--------+-----+--------+

Top non-repeatable levels by time:
     D:4: 1614 daAuts
     D:3: 1042 daAuts
     D:2: 846 daAuts
     D:1: 728 daAuts
     D:5: 87 daAuts
